 Dungeon Crawl Stone Soup version 0.27-a0-660-g90476cec82 (webtiles) character file.

Game seed: 5460711409493438215

462 tilp the Insei (level 7, -5/48 HPs)
             Began as an Octopode Transmuter on Mar 16, 2021.
             Slain by an ogre
             ... wielding a +0 giant spiked club
              (20 damage)
             ... on level 5 of the Dungeon.
             The game lasted 00:09:27 (6213 turns).

tilp the Insei (Octopode Transmuter)                Turns: 6213, Time: 00:09:27

Health: -5/48      AC:  1    Str:  9    XL:     7   Next: 7%
Magic:  10/10      EV: 13    Int: 18    God:
Gold:   145        SH:  0    Dex: 12    Spells: 7/10 levels left

rFire    . . .     SeeInvis .     - Unarmed
rCold    . . .     Faith    .   (no shield)
rNeg     . . .     Spirit   .   (helmet currently unavailable)
rPois    .         Reflect  .   (no amulet)
rElec    .         Harm     .   i - ring of resist corrosion
rCorr    +         Rampage  .   (no ring)
Will     .....                  (no ring)
Stlth    +++.......             (no ring)
HPRegen  0.16/turn              (no ring)
MPRegen  0.12/turn              (no ring)
                                (no ring)
                                (no ring)

@: appendages
A: tentacle spike 3, almost no armour, amphibious, 8 rings, camouflage 1,
gelatinous body 1, nimble swimmer 1, tentacles
a: End Transformation


You were on level 5 of the Dungeon.
One of your tentacles had grown a beastly spike.
You visited 1 branch of the dungeon, and saw 5 of its levels.

You collected 145 gold pieces.

Inventory:

Missiles
 e - 3 boomerangs
 n - 24 poisoned darts (quivered)
 s - a throwing net {!f}
Armour
 b - a +0 hat (melded)
Jewellery
 i - a ring of resist corrosion (left tentacle)
Scrolls
 a - 2 scrolls of teleportation
 f - a scroll of fear
 o - 2 scrolls of amnesia
Potions
 c - 3 potions of brilliance
 d - a potion of attraction
 g - a potion of invisibility {unknown}
 h - 2 potions of haste
 j - a potion of curing {unknown}
 k - a potion of mutation {unknown}
 l - a potion of might {unknown}
 m - 2 potions of ambrosia {unknown}
 p - a potion of lignification {unknown}
 q - a potion of flight {unknown}


   Skills:
 - Level 4.0 Fighting
 - Level 2.0 Dodging
 - Level 4.0 Stealth
 + Level 5.9 Unarmed Combat
 - Level 2.0 Spellcasting
 - Level 2.0 Transmutations


You had 7 spell levels left.
You knew the following spells:

 Your Spells              Type           Power      Damage    Failure   Level
a - Beastly Appendage     Tmut           18%        N/A       8%          1
b - Wereblood             Tmut           9%         N/A       12%         2

Your spell library contained the following spells:

 Spells                   Type           Power      Damage    Failure   Level
 Magic Dart               Conj           4%         1d3       19%         1
 Blink                    Tloc           N/A        N/A       26%         2
 Call Imp                 Summ           1%         N/A       26%         2
 Slow                     Hex            1%         N/A       26%         2
 Spider Form              Tmut/Pois      2%         N/A       34%         3
 Conjure Flame            Conj/Fire      1%         6-21      47%         3
 Mephitic Cloud           Conj/Pois/Air  1%         N/A       47%         3
 Ice Form                 Ice/Tmut       5%         N/A       75%         4
 Blade Hands              Tmut           4%         N/A       91%         5


Dungeon Overview and Level Annotations

Branches:
Dungeon (5/15)
 Temple: D:4-7

Altars:
Ashenzari
Elyvilon
Kikubaaqudgha
Zin
The Shining One

Annotations:
D:2 1 runed translucent door, Crazy Yiuf


Innate Abilities, Weirdness & Mutations

One of your tentacles has grown a beastly spike.
You cannot wear most types of armour.
You are amphibious.
You can wear up to eight rings at the same time.
Your skin changes colour to match your surroundings (Stealth+).
Your rubbery body absorbs attacks. (AC +1, EV +1)
You are stealthy while swimming. (Stealth+)
You have tentacles for arms and can constrict up to eight enemies at once.


Message History

You see here a +0 whip.
There is a stone staircase leading down here.
You climb downwards.
There is a stone staircase leading up here.
An ogre comes into view. It is wielding a +0 giant spiked club.
Found a glowing ring mail.
You throw a poisoned dart. The poisoned dart hits the ogre.
The ogre shouts!
You throw a poisoned dart.
The poisoned dart barely misses the ogre.
You throw a poisoned dart.
The poisoned dart barely misses the ogre.
Casting: Beastly Appendage (safe; 8% risk of failure)
Confirm with . or Enter, or press ? or * to list all spells.
One of your tentacles grows a vicious spike.
Your +0 hat melds into your body.
You throw a poisoned dart. The poisoned dart hits the ogre.
The ogre is poisoned.
You throw a poisoned dart.
The poisoned dart completely misses the ogre.
You throw a poisoned dart. The poisoned dart hits the ogre.
The ogre looks even sicker.
You tentacle-slap the ogre.
You pierce the ogre.
You squeeze the ogre.
The ogre is moderately wounded.
The ogre hits you with a +0 giant spiked club!
You tentacle-slap the ogre but do no damage.
The ogre is moderately wounded.
The ogre barely misses you.
You tentacle-slap the ogre.
The ogre is heavily wounded.
The ogre hits you with a +0 giant spiked club!!
* * * LOW HITPOINT WARNING * * *
You tentacle-slap the ogre. You squeeze the ogre, but do no damage.
The ogre is heavily wounded.
The ogre misses you.
Unknown command.
You tentacle-slap the ogre. Your squeeze misses the ogre.
The ogre is severely wounded.
The ogre hits you with a +0 giant spiked club!!
You die...

.......((...##
.............#
.............##
.......(.......
.............
.[.....(...
.......O.# #@.#
#..# #<## #.#
#.# #.# ###


You could see an ogre (poisoned).

Vanquished Creatures
  An ogre (D:4)
  A hound (D:4)
  A bullfrog skeleton (D:3)
  3 orc wizards (D:4)
  A worker ant (D:4)
  A hound skeleton (D:4)
  5 gnolls
  2 adders
  A shadow imp (D:4)
  An ooze (D:1)
  4 worms
  2 dart slugs
  7 leopard geckos
  11 orcs
  A ball python (D:4)
  6 giant cockroaches
  6 hobgoblins
  7 jackals
  7 kobolds
  2 quokkas (D:3)
  10 bats
  4 frilled lizards
  8 goblins
  10 rats
102 creatures vanquished.

Notes
Turn   | Place    | Note
-------+----------+-------------------------------------------
     0 | D:1      | tilp the Octopode Transmuter began the quest for the Orb.
     0 | D:1      | Reached XP level 1. HP: 13/13 MP: 3/3
    59 | D:1      | Reached skill level 1 in Stealth
   272 | D:1      | Reached XP level 2. HP: 10/18 MP: 3/5
   761 | D:1      | Learned a level 2 spell: Wereblood
   863 | D:1      | Reached XP level 3. HP: 4/23 MP: 3/6
  1606 | D:2      | Reached XP level 4. HP: 28/29 MP: 2/7
  2237 | D:2      | Found a glowing golden altar of the Shining One.
  2540 | D:2      | Found a runed translucent door.
  2541 | D:2      | Noticed Crazy Yiuf
  3244 | D:3      | Reached XP level 5. HP: 30/37 MP: 6/8
  3283 | D:3      | Noticed a phantom
  3481 | D:3      | Found a faded altar of an unknown god.
  4286 | D:3      | Found a broken altar of Ashenzari.
  4375 | D:3      | Found a glowing silver altar of Zin.
  4580 | D:4      | Found a white marble altar of Elyvilon.
  4660 | D:4      | Reached skill level 4 in Unarmed Combat
  4753 | D:4      | Reached XP level 6. HP: 25/43 MP: 7/9
  5304 | D:4      | Found an ancient bone altar of Kikubaaqudgha.
  5328 | D:4      | Reached skill level 5 in Unarmed Combat
  5827 | D:4      | Reached XP level 7. HP: 48/48 MP: 6/10
  6141 | D:5      | Entered Level 5 of the Dungeon
  6213 | D:5      | Slain by an ogre

Illustrated notes

Levels and vault maps discovered:
D:1:      dpeg_arrival_circle_labyrinth_a, layout_loops_ring
D:2:      layout_basic, tso_metal_star, minmay_diced_spiral,
          uniq_crazy_yiuf_cottage
D:3:      layout_rooms, general_overflow_altar, ashenzari_conservatory_becter,
          chequers_ecumenical_altar_simple_redux, hangedman_decor_peaks_small
D:4:      layout_basic, old_standard_altar, elyvilon_altar_3
D:5:      layout_layer_cave, nicolae_qazlal_scattered_showers, xom_redecorated

Skill      XL: |  1  2  3  4  5  6 |
---------------+-------------------+-----
Stealth        | 2 4 |  4.0
Fighting       | 2 3 4 |  4.0
Unarmed Combat | 4 5 |  5.9
Dodging        | |  2.0
Spellcasting   | |  2.0
Transmutations | |  2.0

Action                   |  1- 3 |  4- 6 |  7- 9 || total
-------------------------+-------+-------+-------++-------
Melee: Unarmed           |    77 |   178 |    15 ||   270
       Kick              |     9 |    30 |     3 ||    42
       Constrict         |    15 |    49 |     4 ||    68
       Tentacles         |    10 |    34 |     3 ||    47
       Punch             |       |     3 |     1 ||     4
Throw: Dart              |       |     5 |     6 ||    11
 Cast: Beastly Appendage |    10 |    26 |     2 ||    38
       Wereblood         |     3 |     9 |       ||    12
  Use: Scroll            |     5 |     5 |     1 ||    11
 Stab: Sleeping          |     6 |     9 |     1 ||    16
       Distracted        |       |     1 |       ||     1
Armor: Skin              |     5 |     7 |       ||    12
Dodge: Dodged            |    39 |    98 |     7 ||   144

Table legend: (Time is in decaauts)
 A = Elapsed time spent in this place.
 B = Non-inter-level travel time spent in this place.
 C = Inter-level travel time spent in this place.
 D = Time resting spent in this place.
 E = Time spent auto-exploring this place.
 F = Levels seen in this place.
 G = Mean time per level.
                   A        B        C        D        E       F      G
               +--------+--------+--------+--------+--------+-----+--------+
         Total |   6202 |   5799 |    403 |   2081 |   2729 |   5 | 1240.4 |
       Dungeon |   6202 |   5799 |    403 |   2081 |   2729 |   5 | 1240.4 |
               +--------+--------+--------+--------+--------+-----+--------+

Top non-repeatable levels by time:
     D:2: 1994 daAuts
     D:4: 1733 daAuts
     D:1: 1493 daAuts
     D:3: 957 daAuts
     D:5: 24 daAuts
